 Dungeon Crawl Stone Soup version 0.28.0-45-g0d030f2227 (webtiles) character file.

Game seed: 18396963110907186965

502 L33tCrusader the Covert (level 6, 0/32 HPs)
             Began as a Spriggan Brigand on Apr 7, 2022.
             Was a Plaything of Xom.
             Slain by a yak (10 damage)
             ... on level 4 of the Dungeon.
             The game lasted 00:19:08 (3181 turns).

L33tCrusader the Covert (Spriggan Brigand)          Turns: 3181, Time: 00:19:09

Health: 0/32       AC:  3    Str:  7    XL:     6   Next: 95%
Magic:  7/7        EV: 18    Int: 13    God:    Xom [...*..]
Gold:   97         SH:  0    Dex: 18    Spells: 5/5 levels left

rFire   . . .      SeeInvis +   a - +3 dagger
rCold   . . .      Faith    +   (no shield)
rNeg    . . .      Spirit   .   b - +0 robe
rPois   .          Reflect  .   (helmet restricted)
rElec   .          Harm     .   c - +0 cloak
rCorr   .          Rampage  .   (gloves unavailable)
Will    +....      Rage     1%  (boots unavailable)
Stlth   ++++......              k - amulet of faith
HPRegen 0.10/turn               (no ring)
MPRegen 0.10/turn               (no ring)

@: very quick
A: very small, no large weapons, unfitting armour, see invisible, speed 3,
talons 1, berserk 1, no potion heal 1
a: Renounce Religion


You were on level 4 of the Dungeon.
You worshipped Xom.
You were a favourite toy of Xom.
You visited 1 branch of the dungeon, and saw 4 of its levels.

You collected 97 gold pieces.

Inventory:

Hand Weapons
 a - a +3 dagger (weapon)
Missiles
 d - 13 poisoned darts
 e - 2 curare-tipped darts (quivered)
Armour
 b - a +0 robe (worn)
 c - a +0 cloak (worn)
 g - a +0 robe
Jewellery
 k - an amulet of faith (around neck)
 p - a ring of ice
Wands
 f - a wand of flame (23)
Scrolls
 o - a scroll of blinking
 s - a scroll of identify
Potions
 h - a potion of flight
 i - a potion of degeneration {unknown}
 j - a potion of brilliance {unknown}
 l - 2 potions of magic
 m - a potion of cancellation {unknown}
 n - a potion of ambrosia {unknown}
 q - a potion of might {unknown}
 r - a potion of curing


   Skills:
 + Level 2.7 Fighting
 * Level 4.8 Short Blades
 + Level 3.3 Throwing
 + Level 3.5 Dodging
 * Level 8.5 Stealth


You had 5 spell levels left.
You didn't know any spells.
Your spell library was empty.

Dungeon Overview and Level Annotations

Branches:
Dungeon (4/15)
 Temple: D:4-7

Altars:
Ashenzari
Xom
The Shining One

Shops:
D:2 *   D:3 [


Innate Abilities, Weirdness & Mutations

You are very small and have problems with some larger weapons.
You are too small for most types of armour.
You have supernaturally acute eyesight. (SInv)
You cover ground extremely quickly. (Speed+++)
You have sharp toenails.
You tend to lose your temper in combat.
Potions are less effective at restoring your health.


Message History

You hit the giant cockroach but do no damage.
Your kick misses the giant cockroach. Your punch misses the giant cockroach.
The giant cockroach is heavily wounded.
You hit the giant cockroach but do no damage.
You claw the giant cockroach, but do no damage.
The giant cockroach is heavily wounded.
The giant cockroach barely misses you.
You hit the giant cockroach.
You kill the giant cockroach!
p - a ring of ice Blink to where?
Press: ? - help, Dir - move target
Found a broken altar of Ashenzari.
As you read the scroll labelled NIUT IPHUEMAM, it crumbles to dust.
It was a scroll of blinking.
Found a club.
d - 13 poisoned darts (gained 5)
Found 21 stones.
q - a smoky pink potion
r - a potion of curing
Found a crooked jewelled staff.
Found a scroll of identify.
You see here a staff of earth.
s - a scroll of identify The endoplasm quivers.
You hit the endoplasm. You claw the endoplasm.
The endoplasm is almost dead.
The endoplasm freezes you.
You are frozen.
You hit the endoplasm.
You kill the endoplasm!
HP restored.
The yak bellows! x2
The yak bellows!
You hit the yak but do no damage. The yak gores you.
You hit the yak but do no damage. Your kick misses the yak.
The yak closely misses you. The yak gores you.
You hit the yak but do no damage. Your kick misses the yak.
The yak gores you! x2
You die...
Xom laughs nastily!

#.... .#### ..... .....
.. #... #... #.# #...##
##.## .. #....## ##...##
.# ##.....###....># ##.#
...............######.##
.###....##.....Y..##...##
#..#####....Y@.......##
## #.##
##....Y###..#...## #...
...
#...........##...#.....
..... #............#....#
..###
#..†###.......##.### .#
#....... #..........# .
#..................##
..###..
###.........####.# .# ##.
....##.......#


You could see 3 yaks.

Vanquished Creatures
  Sigmund (D:3)
  A yak (D:4)
  Jessica (D:2)
  Ijyb (D:3)
  7 adders
  An adder skeleton (D:4)
  3 dart slugs
  4 ball pythons
  7 endoplasms
  4 giant cockroaches
  5 goblins
  7 hobgoblins
  2 quokkas
  6 bats
  3 frilled lizards
  A goblin zombie (D:3)
  4 kobolds
  A kobold skeleton (D:3)
  A kobold zombie (D:3)
  4 rats
64 creatures vanquished.

Vanquished Creatures (collateral kills)
  A crimson imp (D:3)
  A goblin zombie (D:3)
  A hobgoblin zombie (D:3)
  2 kobold skeletons (D:3)
  An orc skeleton (D:3)
6 creatures vanquished.

Grand Total: 70 creatures vanquished

Notes
Turn   | Place    | Note
-------+----------+-------------------------------------------
     0 | D:1      | L33tCrusader the Spriggan Brigand began the quest for the
                  | Orb.
     0 | D:1      | Reached XP level 1. HP: 10/10 MP: 2/2
   111 | D:1      | Reached skill level 6 in Stealth
   139 | D:1      | Reached XP level 2. HP: 13/15 MP: 3/3
   361 | D:1      | Found a faded altar of an unknown god.
   371 | D:1      | Prayed at the altar of an unknown god.
   371 | D:1      | Became a worshipper of Xom of Chaos
   507 | D:1      | XOM: silly message
   698 | D:2      | Found Lagudd's Assorted Antiques.
   923 | D:2      | XOM: 1-stop teleportation journey
   926 | D:2      | Reached XP level 3. HP: 18/18 MP: 4/4
  1527 | D:2      | Noticed Jessica
  1539 | D:2      | Killed Jessica
  1540 | D:2      | Reached XP level 4. HP: 18/23 MP: 5/5
  1570 | D:2      | Gained mutation: You tend to lose your temper in combat.
                  | [potion of mutation]
  1570 | D:2      | Gained mutation: Potions are less effective at restoring
                  | your health. [potion of mutation]
  1570 | D:2      | Gained mutation: You have sharp toenails. [potion of
                  | mutation]
  1771 | D:3      | Found Zufy's Armour Boutique.
  1888 | D:3      | XOM: silly message
  1936 | D:3      | XOM: cloud trail
  1982 | D:3      | Noticed Sigmund
  1998 | D:3      | XOM: cast spell 'Leda's Liquefaction'
  2001 | D:3      | Killed Sigmund
  2002 | D:3      | Reached skill level 7 in Stealth
  2002 | D:3      | Reached XP level 5. HP: 23/27 MP: 6/6
  2107 | D:3      | XOM: divination: magic mapping
  2165 | D:3      | XOM: divination: detect creatures
  2176 | D:3      | Reached XP level 6. HP: 25/32 MP: 7/7
  2191 | D:3      | Noticed Ijyb
  2246 | D:3      | XOM: noise
  2262 | D:3      | Killed Ijyb
  2488 | D:3      | Found a glowing golden altar of the Shining One.
  2488 | D:3      | XOM: 3-stop teleportation journey
  2490 | D:3      | XOM: summons 3 friendly demons
  2504 | D:3      | Reached skill level 8 in Stealth
  2847 | D:3      | XOM: cloud trail
  2929 | D:3      | XOM: divination: magic mapping
  3063 | D:4      | Noticed a yak
  3063 | D:4      | Noticed a yak
  3064 | D:4      | Noticed a yak
  3066 | D:4      | Noticed a yak
  3067 | D:4      | Killed a yak
  3099 | D:4      | Found a broken altar of Ashenzari.
  3181 | D:4      | Slain by a yak

Illustrated notes

Levels and vault maps discovered:
D:1:      dpeg_arrival_rhombus, layout_rooms, hellmonk_ecumenical_altar_run_dry,
          minmay_distorted
D:2:      layout_basic, serial_shops, shop, kennysheep_jessica_study,
          uniq_jessica
D:3:      minmay_inner_zag, layout_rooms, nicolae_tso_besieged_by_evil,
          serial_shops, nicolae_shop_hallway_stairs, uniq_sigmund, uniq_ijyb
D:4:      layout_layer_cave, mainiacjoe_overflow_catch_the_wave,
          minmay_misc_feat_cross, chequers_serial_rivers_small_a,
          kennysheep_generic_room_6

Skill      XL: |  1  2  3  4  5  6 |
---------------+-------------------+-----
Stealth        | 6 7 8 |  8.5
Dodging        | 2 3 |  3.5
Short Blades   | 3 4 |  4.8
Fighting       | 2 |  2.7
Throwing       | 3 |  3.3

Action                   |  1- 3 |  4- 6 || total
-------------------------+-------+-------++-------
Melee: Dagger            |    66 |   123 ||   189
       Kick              |       |    34 ||    34
       Punch             |       |     1 ||     1
Throw: Dart              |     6 |     4 ||    10
  Use: Scroll            |     4 |     4 ||     8
       Potion            |     1 |     2 ||     3
 Stab: Sleeping          |    14 |     4 ||    18
       Distracted        |       |     3 ||     3
Armor: Robe              |     1 |    10 ||    11
Dodge: Dodged            |    36 |    86 ||   122
